 Dungeon Crawl Stone Soup version 0.30.0-7-g0c4daa9e05 (webtiles) character file.

Game seed: 10594714747746774809

16 Annannith the Covered (level 2, -1/27 HPs)
             Began as a Minotaur Fighter on May 13, 2023.
             Succumbed to a kobold's poison
             ... on level 2 of the Dungeon.
             The game lasted 00:09:03 (594 turns).

Annannith the Covered (Minotaur Fighter)             Turns: 594, Time: 00:09:04

Health: -1/27      AC:  7    Str: 20    XL:     2   Next: 41%
Magic:  1/1        EV:  9    Int:  5    God:
Gold:   47         SH:  4    Dex:  9    Spells: 1/1 levels left

rFire   . . .        a - +0 flail
rCold   . . .        c - +0 buckler
rNeg    . . .        b - +0 scale mail
rPois   .            (helmet restricted)
rElec   .            (no cloak)
rCorr   .            (no gloves)
SInv    .            (no boots)
Will    .....        (no amulet) Stlth
                     (no ring)
HPRegen 0.24/turn    (no ring)
MPRegen 0.07/turn

%: no passive effects
@: lethally poisoned (-1 -> -13)
A: horns 2, retaliatory headbutt
a: no special abilities


You were on level 2 of the Dungeon.
You visited 1 branch of the dungeon, and saw 2 of its levels.

You collected 47 gold pieces.

Inventory:

Hand Weapons
 a - a +0 flail (weapon)
Armour
 b - a +0 scale mail (worn)
 c - a +0 buckler (worn)
 j - a +0 ring mail
Jewellery
 f - a ring of positive energy
Scrolls
 d - a scroll of teleportation {unknown}
 e - a scroll of magic mapping {unknown}
 g - a scroll of poison {unknown}
 h - 2 scrolls of vulnerability {unknown}
 i - a scroll of enchant weapon {unknown}
 l - 2 scrolls of identify {unknown}
Potions
 k - a potion of heal wounds {unknown}
 m - a potion of brilliance {unknown}


   Skills:
 + Level 3.9 Fighting
 + Level 2.5 Maces & Flails
 + Level 4.0 Armour
 + Level 4.0 Shields


You had one spell level left.
You didn't know any spells.
Your spell library contained the following spells:

 Spells                   Type           Power      Damage    Failure   Level
 Beastly Appendage        Tmut           0%         N/A       88%         1
 Sting                    Tmut/Pois      0%         1d3       88%         1
 Poisonous Vapours        Pois/Air       0%         N/A       95%         2
 Wereblood                Tmut           0%         N/A       95%         2
 Spider Form              Tmut/Pois      0%         N/A       99%         3
 Olgreb's Toxic Radiance  Pois           0%         N/A       100%        4


Dungeon Overview and Level Annotations

Branches:
Dungeon (2/15)

Altars:


Innate Abilities, Weirdness & Mutations

You have a pair of horns on your head.
You reflexively headbutt those who attack you in melee.


Message History

There is a stone staircase leading up here.
A hobgoblin comes into view.
The hobgoblin shouts!
A kobold comes into view.
It is wielding a +2 short sword of venom.
The kobold shouts!
Something hits the bush but does no damage.
The worm barely misses you.
You barely miss the worm. You sock the worm!
The worm is heavily wounded.
The worm bites you but does no damage. The kobold closely misses you.
You sock the worm!
The worm is almost dead.
You block the kobold's attack. The worm bites you!
The kobold hits you with a +2 short sword of venom.
You are poisoned.
You sock the worm!
You kill the worm!
You feel very sick.
The kobold hits you with a +2 short sword of venom.
You are lethally poisoned!
Your Shields skill increases to level 4!
You hit the kobold.
The kobold is severely wounded.
You feel very sick. The kobold closely misses you.
You miss the kobold. Your headbutt misses the kobold.
The kobold is severely wounded.
* * * LOW HITPOINT WARNING * * *
You feel very sick. The kobold barely misses you.
You block the kobold's attack.
* * * LOW HITPOINT WARNING * * *
You feel sick. The kobold hits you but does no damage.
The kobold attacks as you move away! The kobold hits you but does no damage.
You are more poisoned.
* * * LOW HITPOINT WARNING * * *
You feel very sick.
You barely miss the kobold. Your headbutt misses the kobold.
The kobold is severely wounded.
You die...

♣♣♣ ♣..♣
####♣♣..
#<..♣P♣
#....♣♣♣♣♣.#
#...@K.....#
#.....†....#
#.....?....#
#..#########
#... #.#.
#.##. #. #.


You could see a kobold.

Vanquished Creatures
  A worm (D:2)
  A dart slug (D:1)
  2 ball pythons (D:1)
  A giant cockroach (D:1)
  A goblin (D:1)
  A hobgoblin (D:1)
  A bat (D:1)
  2 kobolds (D:1)
  2 rats (D:1)
12 creatures vanquished.

Notes
Turn   | Place    | Note
-------+----------+-------------------------------------------
     0 | D:1      | Annannith the Minotaur Fighter began the quest for the Orb.
     0 | D:1      | Reached XP level 1. HP: 19/19 MP: 0/0
   130 | D:1      | Reached XP level 2. HP: 24/27 MP: 1/1
   594 | D:2      | Succumbed to a kobold's poison

Illustrated notes

Levels and vault maps discovered:
D:1:      lightli_arrival_statuegarden, layout_basic
D:2:      layout_rooms, basic_ecumenical_altar, serial_forest,
          infiniplex_forest_clump_medium, infiniplex_forest_clump_medium,
          infiniplex_forest_clump_C, infiniplex_forest_clump_C,
          infiniplex_forest_straight_5, infiniplex_forest_straight_3,
          infiniplex_forest_end_1, minmay_misc_feat_columns

Skill      XL: |  1  2 |
---------------+-------+-----
Armour         | 4 |  4.0
Shields        | 4 |  4.0
Fighting       | |  3.9
Maces & Flails | |  2.5

Action                     || total
---------------------------++-------
  Melee: Flail             ||    32
         Headbutt          ||     2
    Use: Potion            ||     1
 Armour: Scale mail        ||    12
  Dodge: Dodged            ||    24
  Block: Buckler           ||     8
